AoeStats
← 海峡

Arena

510518540Analyzed
4v4 RM · 1d ago on Oct 1, 2026· 38m 21s· 8 players
Game mode
Random Map
Map size
Large (8 player)
Population
200
Speed
Normal
Resources
Standard
Victory
Conquest
Starting age
Dark Age
Ending age
Imperial Age
RankedLock teamsTeams togetherTeam positionsShared explorationLock speedFull tech treeHidden civsTurbo modeCheats
Victory
Defeat
🇨🇳 Mongols · China
1433
+8
🇭🇰 Turks · Hong Kong SAR China
1360
+10
🇨🇳 Franks · China
1283
+13
🇨🇳 Bohemians · China
1021
+24
🇨🇳 Celts · China
1378
-20
🇨🇳 Bengalis · China
1222
-14
🇬🇧 Koreans · United Kingdom
1188
-12
🇨🇳 Mongols · China
1109
-9
朱月白
1:09 Loom
12:49 Feudal Age
17:43 Castle Age
16:03 Double-Bit Axe
16:10 Horse Collar
17:37 Stone Mining
17:40 Gold Mining
27:33 Bow Saw
27:26 Heavy Plow
32:04 Imperial Age
30:25 Scale Barding Armor
30:31 Forging
30:33 Bloodlines
31:21 Husbandry
32:11 Chain Barding Armor
32:04 Paiks
33:24 Iron Casting
33:33 Wheelbarrow
34:21 Conscription
33:50 Elite Battle Elephant
37:36 Plate Barding Armor
海峡
8:23 Loom
10:09 Feudal Age
13:51 Castle Age
12:21 Double-Bit Axe
13:10 Gold Mining
14:47 Bow Saw
16:33 Gold Shaft Mining
16:52 Wheelbarrow
23:34 Gold Shaft Mining
29:55 Horse Collar
34:17 Loom
40:28 Imperial Age
冰石戟
10:00 Feudal Age
13:59 Castle Age
13:10 Double-Bit Axe
13:09 Horse Collar
19:15 Loom
20:35 Loom
21:24 Fletching
24:53 Wheelbarrow
26:48 Heavy Plow
27:00 Bow Saw
30:50 Imperial Age
30:14 Hand Cart
29:52 Gold Mining
29:54 Stone Mining
30:03 Bodkin Arrow
31:12 Stone Shaft Mining
31:14 Gold Shaft Mining
31:14 Bloodlines
31:05 Husbandry
31:23 Thumb Ring
31:55 Bracer
32:34 Conscription
33:04 Padded Archer Armor
33:32 Parthian Tactics
33:08 Husbandry
33:07 Town Watch
34:12 Coinage
34:00 Elite Mangudai
34:56 Leather Archer Armor
36:26 Capped Ram
37:31 Siege Ram
Necrocat219
10:35 Feudal Age
11:19 Double-Bit Axe
14:55 Wheelbarrow
14:08 Loom
18:13 Castle Age
16:16 Horse Collar
19:24 Bow Saw
19:17 Heavy Plow
22:04 Gold Mining
22:05 Stone Mining
35:49 Imperial Age
34:06 Fletching
35:06 Elite Skirmisher
36:34 Bodkin Arrow
37:05 Thumb Ring
37:42 Bracer
37:53 Crossbowman
小公子
10:04 Feudal Age
14:34 Castle Age
12:55 Horse Collar
15:36 Double-Bit Axe
21:54 Gold Mining
23:55 Loom
28:07 Imperial Age
25:58 Fletching
26:08 Padded Archer Armor
27:07 Bodkin Arrow
28:34 Leather Archer Armor
28:48 Ballistics
29:12 Thumb Ring
33:10 Bracer
33:42 Parthian Tactics
34:11 Husbandry
34:21 Bloodlines
34:24 Bow Saw
36:19 Wheelbarrow
35:30 Town Watch
36:22 Heavy Cavalry Archer
37:57 Parthian Tactics
小叶
10:12 Feudal Age
14:10 Castle Age
13:20 Double-Bit Axe
21:23 Wheelbarrow
20:36 Town Watch
24:25 Bow Saw
26:56 Hand Cart
26:29 Loom
26:56 Scale Barding Armor
29:59 Imperial Age
28:28 Treadmill Crane
29:10 Ballistics
29:18 Chain Barding Armor
29:09 Forging
30:20 Husbandry
30:13 Cavalier
31:30 Plate Barding Armor
31:31 Iron Casting
31:56 Chivalry
32:16 Conscription
32:28 Town Patrol
32:11 Paladin
33:29 Scale Mail Armor
33:51 Gold Mining
33:52 Stone Mining
38:35 Gold Shaft Mining
38:36 Devotion
38:46 Siege Engineers
38:36 Murder Holes
39:42 Chemistry
38:53 Masonry
38:54 Fortified Wall
Atopos
10:52 Feudal Age
15:10 Castle Age
13:18 Double-Bit Axe
14:16 Horse Collar
17:02 Bow Saw
27:09 Loom
27:11 Town Watch
29:52 Heavy Plow
34:00 Imperial Age
32:46 Scale Mail Armor
33:57 Chemistry
33:18 Ballistics
33:50 Pikeman
34:31 Squires
34:16 Arson
36:46 Houfnice
38:24 Wagenburg Tactics
民办大A
10:00 Feudal Age
10:43 Double-Bit Axe
13:37 Castle Age
11:46 Double-Bit Axe
11:46 Horse Collar
14:43 Bow Saw
14:51 Heavy Plow
16:16 Loom
24:22 Scale Barding Armor
30:07 Imperial Age
28:14 Fletching
28:26 Padded Archer Armor
28:27 Husbandry
28:38 Bloodlines
28:44 Bloodlines
29:32 Wheelbarrow
29:04 Stone Mining
29:06 Gold Mining
29:46 Ballistics
29:23 Bodkin Arrow
31:08 Hand Cart
30:16 Capped Ram
31:05 Bracer
32:12 Chemistry
32:23 Leather Archer Armor
31:51 Elite Mangudai
33:04 Conscription
33:24 Parthian Tactics
33:04 Thumb Ring
34:03 Chain Barding Armor
33:53 Forging
34:21 Town Watch
35:26 Drill
35:05 Siege Ram
36:29 Gold Shaft Mining
36:31 Stone Shaft Mining
36:33 Iron Casting
36:12 Light Cavalry
Connection lost

Rejoining the realm…

Still unreachable

The connection could not be restored.

Session expired

The server has moved on; the page needs a fresh start.